 Dungeon Crawl Stone Soup version 0.26.0-10-g1f06aea511 (webtiles) character file.

Game seed: 10025785298826556257

53 Goblin1989 the Sneak (level 3, -4/29 HPs)
             Began as a Demonspawn Delver on Jan 26, 2021.
             Slain by a worker ant zombie (5 damage)
             ... on level 5 of the Dungeon.
             The game lasted 00:01:06 (126 turns).

Goblin1989 the Sneak (Demonspawn Delver)             Turns: 126, Time: 00:01:07

Health: -4/29      AC:  4    Str: 13    XL:     3   Next: 64%
Magic:  3/3        EV: 12    Int: 11    God:
Gold:   0          SH:  0    Dex: 14    Spells: 2/2 levels left

rFire    . . .     SeeInvis .   a - +0 short sword
rCold    . . .     Faith    .   (no shield)
rNeg     . . .     Spirit   .   b - +0 leather armour
rPois    .         Reflect  .   (no helmet)
rElec    .         Harm     .   (no cloak)
rCorr    .         Rampage  .   (no gloves)
Will     .....                  (no boots)
Stlth    ++........             (no amulet)
HPRegen  0.09/turn              (no ring)
MPRegen  0.08/turn              (no ring)

@: no status effects
A: claws 1, rugged brown scales 1
a: no special abilities


You were on level 5 of the Dungeon.
You visited 1 branch of the dungeon, and saw 1 of its levels.

Inventory:

Hand Weapons
 a - a +0 short sword (weapon)
Armour
 b - a +0 leather armour (worn)
Wands
 g - a wand of digging (3) {@v1}
Scrolls
 c - a scroll of fog
 e - a scroll of fear
Potions
 f - a potion of haste {@q3,}
 h - a potion of curing {unknown}


   Skills:
 - Level 3.0 Fighting
 + Level 3.7 Short Blades
 - Level 1.7 Dodging
 - Level 4.5 Stealth


You had 2 spell levels left.
You didn't know any spells.
Your spell library was empty.

Dungeon Overview and Level Annotations

Branches:
Dungeon (5/15)
 Temple: D:4-7

Altars:


Innate Abilities, Weirdness & Mutations

You have sharp fingernails.
You are partially covered in rugged brown scales. (AC +1, +3% HP)


Message History

The water moccasin skeleton bites you.
You take 1 damage, and have 17/18 hp.
You closely miss the water moccasin skeleton.
The water moccasin skeleton is heavily damaged.
The water moccasin skeleton barely misses you.
You hit the water moccasin skeleton.
The water moccasin skeleton is severely damaged.
The water moccasin skeleton bites you.
You take 1 damage, and have 16/18 hp.
You hit the water moccasin skeleton.
The water moccasin skeleton is almost destroyed.
The water moccasin skeleton bites you but does no damage.
You hit the water moccasin skeleton.
The water moccasin skeleton is almost destroyed.
You hear the slow hiss of a very distant avalanche of sand.
The water moccasin skeleton bites you.
The water moccasin skeleton completely misses you.
You take 1 damage, and have 15/18 hp.
You barely miss the water moccasin skeleton.
The water moccasin skeleton is almost destroyed.
The water moccasin skeleton bites you.
You take 4 damage, and have 11/18 hp.
MASSIVE DAMAGE!!
You hit the water moccasin skeleton but do no damage.
The water moccasin skeleton is almost destroyed.
The water moccasin skeleton bites you.
* * * LOW HITPOINT WARNING * * *
You take 4 damage, and have 7/18 hp.
MASSIVE DAMAGE!!
You hit the water moccasin skeleton.
You destroy the water moccasin skeleton!
Your Short Blades skill gained 2 levels and is now at level 3!
You have reached level 2!
Your demonic ancestry asserts itself...
Rugged brown scales grow over part of your body.
You have reached level 3!
Your experience leads to an increase in your attributes!
Increase (s)trength, (i)ntelligence, or (d)exterity?
You feel stronger.
Your demonic ancestry asserts itself...
Your fingernails lengthen.
MP restored: 3 A leopard gecko and an orc come into view.
Found a pair of boots.
The helpless leopard gecko fails to defend itself.
You impale the leopard gecko!!
You kill the leopard gecko!
You hear the slow hiss of a very distant avalanche of sand.
An orc and an orc wizard come into view.
An orc comes into view. It is wielding a +0 hand axe.
The orc shouts!
The orc wizard shouts!
The orc shouts!
An orc priest comes into view. It is wielding a +0 falchion.
The orc shouts!
Found 9 gold pieces.
The orc wizard gestures wildly while chanting.
The orc wizard seems to speed up.
A worker ant zombie comes into view.
Found a stone staircase leading up.
The worker ant zombie barely misses you.
You barely miss the worker ant zombie.
The worker ant zombie barely misses you.
You hit the worker ant zombie.
The worker ant zombie is lightly damaged.
You hit the worker ant zombie.
The worker ant zombie is moderately damaged.
The worker ant zombie barely misses you.
The orc wizard hits you but does no damage.
You hit the worker ant zombie.
The worker ant zombie is moderately damaged.
The worker ant zombie barely misses you.
The orc wizard hits you with a +0 dagger.
* * * LOW HITPOINT WARNING * * *
You take 2 damage, and have 12/29 hp.
You hit the worker ant zombie.
The worker ant zombie is moderately damaged.
The orc wizard hits you but does no damage.
The worker ant zombie closely misses you.
You hit the worker ant zombie.
The worker ant zombie is heavily damaged.
The orc wizard hits you but does no damage.
The worker ant zombie bites you.
* * * LOW HITPOINT WARNING * * *
The orc wizard closely misses you.
You take 3 damage, and have 9/29 hp.
You hit the worker ant zombie but do no damage.
The worker ant zombie is heavily damaged.
The orc wizard misses you. The worker ant zombie bites you.
* * * LOW HITPOINT WARNING * * *
You take 2 damage, and have 7/29 hp.
You hit the worker ant zombie.
The worker ant zombie is heavily damaged.
The orc wizard misses you.
The worker ant zombie barely misses you.
The orc wizard casts a spell at you. The magic dart hits you.
* * * LOW HITPOINT WARNING * * *
You take 3 damage, and have 4/29 hp.
You hit the worker ant zombie but do no damage.
The worker ant zombie is heavily damaged.
The orc wizard hits you with a +0 dagger.
* * * LOW HITPOINT WARNING * * *
The worker ant zombie bites you.
You die...

▓▓··..o..·▓█.███.....†....█ █....
▓▓··......██..............█████..
▓▓▓▓█..[oo.o..o..█...............
▓ █.████████o..███.█████████... ▓
▓·▓ █.█...█............. ▓ ▓·▓
█.█.█.███████████..█ ▓ ▓·▓
█.█................█ ▓▓▓▓▓·▓
█.███████████████.██ ▓·····▓
█oo@Z<.....·▓ █.██ ▓·▓▓▓▓▓
█████.█████·▓ █.█▓ ▓·▓▓▓▓
▓·..··▓·▓ █..· ▓····▓ ▓▓▓.█·▓·▓
███▓ ▓·▓▓·▓ ▓·..··▓ ▓▓▓▓·▓
▓▓▓██▓▓ ·····▓ ▓▓▓▓▓▓


You could see an orc wizard (fast), an orc and a worker ant zombie.

Vanquished Creatures
  A water moccasin skeleton (D:5)
  A leopard gecko (D:5)
  A giant cockroach zombie (D:5)
3 creatures vanquished.

Notes
Turn   | Place    | Note
-------+----------+-------------------------------------------
     0 | D:5      | Goblin1989 the Demonspawn Delver began the quest for the
                  | Orb.
     0 | D:5      | Reached XP level 1. HP: 18/18 MP: 1/1
    53 | D:5      | Gained mutation: You are partially covered in rugged brown
                  | scales. (AC +1, +3% HP) [demonic ancestry]
    53 | D:5      | Reached XP level 2. HP: 7/24 MP: 2/2
    53 | D:5      | Gained mutation: You have sharp fingernails. [demonic
                  | ancestry]
    53 | D:5      | Reached XP level 3. HP: 8/29 MP: 3/3
   126 | D:5      | HP: 1/29 [orc wizard/+0 dagger (3)]
   126 | D:5      | Slain by a worker ant zombie

Illustrated notes

Levels and vault maps discovered:
D:5:      layout_basic, okawaru_gym_becter,
          lightli_ossuary_entry_decrepit_ruins, nrook_mini_vaults, uniq_duvessa

Skill      XL: |  1 |
---------------+----+-----
Short Blades   | 3 |  3.7
Fighting       | |  3.0
Dodging        | |  1.7
Stealth        | |  4.5

Action                   || total
-------------------------++-------
Melee: Short sword       ||    24
  Use: Scroll            ||     1
 Stab: Sleeping          ||     2
Armor: Leather armour    ||     6
Dodge: Dodged            ||    15
